 Dungeon Crawl Stone Soup version 0.27.1 (webtiles) character file.

Game seed: 922718428235207663

128 Atelerd the Digger (level 5, -2/31 HPs)
             Began as an Octopode Earth Elementalist on Sept 2, 2021.
             Slain by a hobgoblin (4 damage)
             ... while paralysed by Grinder
             ... on level 3 of the Dungeon.
             The game lasted 00:02:06 (3045 turns).

Atelerd the Digger (Octopode Earth Elementalist)    Turns: 3045, Time: 00:02:07

Health: -2/31      AC:  1    Str:  8    XL:     5   Next: 11%
Magic:  6/9        EV:  2    Int: 18    God:
Gold:   145        SH:  0    Dex: 12    Spells: 9/10 levels left

rFire    . . .     SeeInvis .   i - +0 short sword
rCold    . . .     Faith    .   (no shield)
rNeg     . . .     Spirit   .   (helmet restricted)
rPois    +         Reflect  .   (no amulet)
rElec    .         Harm     .   h - ring of poison resistance
rCorr    .         Rampage  .   (no ring)
Will     .....                  (no ring)
Stlth    ++++......             (no ring)
HPRegen  0.10/turn              (no ring)
MPRegen  0.11/turn              (no ring)
                                (no ring)
                                (no ring)

@: paralysed
A: almost no armour, amphibious, 8 rings, camouflage 1, gelatinous body 1,
nimble swimmer 1, tentacles
a: no special abilities


You were on level 3 of the Dungeon.
You visited 1 branch of the dungeon, and saw 3 of its levels.

You collected 145 gold pieces.

Inventory:

Hand Weapons
 i - a +0 short sword (weapon)
Missiles
 b - 25 stones
Jewellery
 h - a ring of poison resistance (left tentacle)
Scrolls
 c - a scroll of holy word {unknown}
 e - 2 scrolls of identify {unknown}
 f - a scroll of torment {unknown}
 j - 2 scrolls of amnesia {unknown}
 k - a scroll of enchant weapon {unknown}
 l - a scroll of blinking {unknown}
 m - a scroll of vulnerability {unknown}
Potions
 a - 3 potions of flight {unknown}
 d - a potion of resistance {unknown}
 g - a potion of attraction {unknown}


   Skills:
 - Level 2.0 Dodging
 - Level 2.6 Stealth
 + Level 3.1 Spellcasting
 + Level 2.7 Transmutations
 + Level 4.0 Earth Magic


You had 9 spell levels left.
You knew the following spells:

 Your Spells              Type           Power      Damage    Failure   Level
a - Sandblast             Erth           34%        2d9       3%          1

Your spell library contained the following spells:

 Spells                   Type           Power      Damage    Failure   Level
 Passwall                 Tmut/Erth      12%        N/A       6%          2
 Stone Arrow              Conj/Erth      20%        3d8       22%         3
 Petrify                  Tmut/Erth      15%        N/A       36%         4


Dungeon Overview and Level Annotations

Branches:
Dungeon (3/15)

Altars:
Gozag
Qazlal
Ru

Annotations:
D:3 Grinder


Innate Abilities, Weirdness & Mutations

You cannot wear most types of armour.
You are amphibious.
You can wear up to eight rings at the same time.
Your skin changes colour to match your surroundings (Stealth+).
Your rubbery body absorbs attacks. (AC +1, EV +1)
You are camouflaged near water. (Stealth+)
You have tentacles for arms and can constrict up to eight enemies at once.


Message History

You can't see any susceptible monsters within range! (Use Z to cast anyway.)
A worm comes into view.
Found a stone staircase leading down.
There are monsters nearby!
You can't see any susceptible monsters within range! (Use Z to cast anyway.)
There are monsters nearby!
You can't see any susceptible monsters within range! (Use Z to cast anyway.)
There are monsters nearby!
Grinder comes into view.
Grinder shouts!
The hobgoblin shouts!
Grinder blinks!
The blast of sand hits Grinder.
Grinder is lightly wounded.
Grinder hits you!
You writhe in agony.
There are monsters nearby!
You hit Grinder but do no damage. You grab Grinder.
Your squeeze misses Grinder.
Grinder is lightly wounded.
You constrict Grinder. Grinder barely misses you.
There are monsters nearby!
The blast of sand hits Grinder.
Grinder is lightly wounded.
You constrict Grinder. Grinder hits you but does no damage.
You hit Grinder.
Grinder is moderately wounded.
You constrict Grinder. Grinder closely misses you.
The blast of sand hits Grinder.
Grinder is moderately wounded.
You constrict Grinder, but do no damage.
Grinder gestures at you.
You suddenly lose the ability to move!
You lose your grip on Grinder.
Grinder hits you!
You writhe in agony.
* * * LOW HITPOINT WARNING * * *
Grinder hits you.
* * * LOW HITPOINT WARNING * * *
You writhe in agony.
* * * LOW HITPOINT WARNING * * *
The hobgoblin hits you but does no damage.
Grinder hits you but does no damage. The hobgoblin hits you.
You die...

..#####.#.# #..... #.#.#
#>..#.######### #)#..
##.............# #)###
...≈≈≈≈.≈≈≈≈≈.# #....
#.≈≈≈≈.≈≈≈≈≈.# ####.
#.w≈≈≈.≈≈≈≈≈.# #....
#.≈≈≈≈5≈≈≈≈≈.#####.##.
.#.≈≈≈@!......##.......
#.....g...≈≈≈≈..#.##.#..
#...≈≈≈≈≈.≈≈≈≈.....#....
###.≈≈≈≈≈.≈≈≈≈..#..#.#..
#.≈≈≈≈≈.≈≈≈≈..#..#....
#.≈≈≈≈≈.≈≈≈≈..........
#............#.#.#.###
###...<).........#.#
#..##..#..##.###.#


You could see Grinder, a worm and a hobgoblin.

Vanquished Creatures
  2 orc wizards (D:3)
  A howler monkey skeleton (D:3)
  2 adders (D:3)
  3 orcs (D:3)
  3 endoplasms (D:1)
  2 giant cockroaches
  8 goblins
  3 hobgoblins
  2 quokkas (D:1)
  6 ball pythons
  7 bats
  2 frilled lizards
  5 kobolds
  A rat (D:1)
47 creatures vanquished.

Notes
Turn   | Place    | Note
-------+----------+-------------------------------------------
     0 | D:1      | Atelerd the Octopode Earth Elementalist began the quest for
                  | the Orb.
     0 | D:1      | Reached XP level 1. HP: 11/11 MP: 3/3
   355 | D:1      | Reached XP level 2. HP: 11/17 MP: 1/5
  1140 | D:1      | Reached XP level 3. HP: 21/21 MP: 4/6
  2265 | D:3      | Found a stormy altar of Qazlal.
  2265 | D:3      | Found an opulent altar of Gozag.
  2265 | D:3      | Found a sacrificial altar of Ru.
  2369 | D:3      | Reached XP level 4. HP: 21/27 MP: 5/8
  2920 | D:3      | Reached skill level 4 in Earth Magic
  2920 | D:3      | Reached XP level 5. HP: 31/31 MP: 7/9
  3037 | D:3      | Noticed Grinder
  3042 | D:3      | Paralysed by Grinder for 6 turns
  3045 | D:3      | Slain by a hobgoblin

Illustrated notes

Levels and vault maps discovered:
D:1:      evilmike_arrival_crescent, layout_loops_ring, roderic_serpentine_path
D:2:      layout_loops_ring, feat_on_display
D:3:      layout_loops_cross, gammafunk_temple_overflow_claw, minivault_14,
          minmay_unequal, uniq_grinder

Skill      XL: |  1  2  3  4 |
---------------+-------------+-----
Transmutations | 2 |  2.7
Spellcasting   | 3 |  3.1
Earth Magic    | 4 |  4.0
Dodging        | |  2.0
Stealth        | |  2.6

Action                   |  1- 3 |  4- 6 || total
-------------------------+-------+-------++-------
Melee: Unarmed           |    19 |       ||    19
       Constrict         |     7 |     2 ||     9
       Short sword       |     4 |    10 ||    14
       Tentacles         |     1 |     1 ||     2
 Cast: Sandblast         |    45 |    20 ||    65
Armor: Skin              |     3 |     5 ||     8
Dodge: Dodged            |    33 |    16 ||    49
